 Dungeon Crawl Stone Soup version 0.32-a0-876-gcfddb08e57 (webtiles) character file.

Game seed: 16868751022495191872

914 Ajdolov the Trooper (level 7, 0/62 HPs)
             Began as an Armataur Artificer on Apr 1, 2024.
             Killed from afar by Maggie (23 damage)
             ... with a bolt of fire
             ... on level 6 of the Dungeon.
             The game lasted 00:07:45 (4778 turns).

Ajdolov the Trooper (Armataur Artificer)            Turns: 4778, Time: 00:07:45

Health: 0/62       AC: 11    Str: 20    XL:     7   Next: 82%
Magic:  7/7        EV:  8    Int: 11    God:
Gold:   420        SH:  0    Dex: 10    Spells: 6/6 levels left

rFire   . . .        f - +0 whip
rCold   . . .        v - orb {light}
rNeg    . . .        b - +0 leather armour
rPois   .            (no helmet)
rElec   .            r - +0 cloak
rCorr   .            z - +0 pair of gloves
SInv    .            (no barding)
Will    .....        t - amulet of regeneration
Stlth   +            l - +4 ring of protection
HPRegen 1.10/turn    (no ring)
MPRegen 0.10/turn

%: roll
@: mesmerised, glowing
A: large, deformed body, tough skin 3, armoured tail, rollpage 2
a: no special abilities


You were on level 6 of the Dungeon.
You visited 1 branch of the dungeon, and saw 6 of its levels.

You collected 420 gold pieces.

Inventory:

Hand Weapons
 f - a +0 whip (weapon)
Missiles
 A - 2 boomerangs
Armour
 b - a +0 leather armour (worn)
 r - a +0 cloak (worn)
 v - an orb of light (worn)
 z - a +0 pair of gloves (worn)
Jewellery
 l - a +4 ring of protection (left hand)
 t - an amulet of regeneration (around neck)
 y - a ring of ice
Wands
 c - a wand of flame (33) (quivered)
 d - a wand of charming (9)
 e - a wand of iceblast (1)
 u - a wand of acid (7)
Scrolls
 a - 2 scrolls of teleportation {unknown}
 h - a scroll of fog {unknown}
 j - 3 scrolls of vulnerability {unknown}
 o - a scroll of blinking {unknown}
 q - 2 scrolls of noise {unknown}
 w - a scroll of amnesia {unknown}
 x - 5 scrolls of identify {unknown}
 B - a scroll of fear {unknown}
 C - a scroll of torment {unknown}
Potions
 g - a potion of haste {unknown}
 i - a potion of heal wounds {unknown}
 k - a potion of magic {unknown}
 m - 2 potions of brilliance {unknown}
 n - 3 potions of might {unknown}
 p - 2 potions of curing
 s - a potion of mutation {unknown}


   Skills:
 + Level 5.7 Fighting
 + Level 5.6 Maces & Flails
 - Level 2.4 Armour
 - Level 0.6 Dodging
 - Level 1.1 Stealth
 - Level 3.0 Evocations


You had 6 spell levels left.
You didn't know any spells.
Your spell library contained the following spells:

 Spells                   Type           Power      Damage    Failure   Level
 Lesser Beckoning         Tloc           0%         N/A       52%         2
 Teleport Other           Tloc           0%         N/A       77%         3
 Maxwell's Portable Pile  Tloc           0%         2d(5-10)  99%         4


Dungeon Overview and Level Annotations

Branches:
Dungeon (6/15)
 Temple: D:4-7

Altars:
Kikubaaqudgha
Uskayaw
Zin

Annotations:
D:4 exclusion: ogre
D:6 Eustachio, Maggie


Innate Abilities, Weirdness & Mutations

Armour fits poorly on your strangely shaped body.
You have extremely tough skin. (AC +3)
You have a long armoured tail.
You regenerate magic and health when rolling toward enemies. (Rampage Regen)


Message History

Eustachio blinks!
Maggie hits you with a +0 long sword!
You hit Maggie. You tail-slap Maggie!
Maggie is severely wounded.
Maggie barely misses you.
Unknown command.
You hit Maggie but do no damage.
Maggie is severely wounded.
Maggie hits you with a +0 long sword.
You hit Maggie but do no damage.
Maggie is severely wounded.
Unknown command.
You hit Maggie.
Maggie is severely wounded.
Maggie mumbles some strange words.
Maggie draws you further into her thrall.
You hit Maggie.
Maggie is almost dead.
Maggie gestures at you while chanting. The bolt of fire hits you!
Unknown command.
You hit Maggie but do no damage.
Maggie is almost dead.
Maggie barely misses you.
You hit Maggie but do no damage.
Maggie is almost dead.
Maggie barely misses you.
Unknown command.
You whack Maggie!
Maggie is almost dead.
Maggie casts a spell at you. The bolt of fire hits you!!
You barely miss Maggie.
Maggie is almost dead.
Maggie is no longer covered in acid.
Unknown command.
You hit Maggie.
Maggie is almost dead.
Maggie points at you and mumbles some strange words.
The bolt of fire hits you!!
You die...

# #..
.......
#.#....@..
#.........
#.@#.....#
##.# ...##
#.## .##
#..# #
##@# #@#
#.## ##.#
#.# #.##
#..# #.
#..## #..
##..# #..#
#(.# #..#.


You could see Maggie (mesmerising) and Eustachio.

Vanquished Creatures
  A water moccasin (D:5)
  A sky beast (D:6)
  An ogre (D:6)
  2 scorpions (D:5)
  4 bombardier beetles
  2 jellies
  A sleepcap (D:4)
  2 iguanas
  An orc wizard (D:4)
  4 gnolls
  7 adders
  2 ribbon worms (D:2)
  A dart slug (D:5)
  6 orcs
  9 endoplasms
  6 giant cockroaches
  7 hobgoblins
  3 jackals (D:4)
  6 quokkas
  6 ball pythons
  4 bats
  2 frilled lizards (D:1)
  9 goblins
  3 kobolds
  3 rats
93 creatures vanquished.

Vanquished Creatures (collateral kills)
  A bombardier beetle (D:3)
  An endoplasm (D:3)
2 creatures vanquished.

Vanquished Creatures (others)
  A scorpion (D:3)
  An iguana (D:5)
  A ball python (D:1)
3 creatures vanquished.

Grand Total: 98 creatures vanquished

Notes
Turn   | Place    | Note
-------+----------+-------------------------------------------
     0 | D:1      | Ajdolov the Armataur Artificer began the quest for the Orb.
     0 | D:1      | Reached XP level 1. HP: 15/15 MP: 1/1
    18 | D:1      | Reached skill level 1 in Fighting
    90 | D:1      | Reached skill level 1 in Maces & Flails
    90 | D:1      | Reached XP level 2. HP: 23/23 MP: 2/2
   454 | D:1      | Reached XP level 3. HP: 29/29 MP: 3/3
  1133 | D:2      | Reached XP level 4. HP: 16/37 MP: 4/4
  1885 | D:3      | Noticed a scorpion
  1888 | D:3      | Found an ancient bone altar of Kikubaaqudgha.
  1889 | D:3      | Found a hide-covered altar of Uskayaw.
  1889 | D:3      | Found a glowing silver altar of Zin.
  1973 | D:3      | Reached XP level 5. HP: 37/45 MP: 5/5
  2461 | D:4      | Noticed an ogre
  2928 | D:5      | Entered Level 5 of the Dungeon
  3009 | D:5      | Reached XP level 6. HP: 33/52 MP: 6/6
  3988 | D:5      | Noticed a water moccasin
  4009 | D:5      | Killed a water moccasin
  4016 | D:5      | Gained mutation: You regenerate magic and health when
                  | rolling toward enemies. (Rampage Regen) [Armataur growth]
  4016 | D:5      | Reached XP level 7. HP: 54/60 MP: 7/7
  4215 | D:5      | Reached skill level 5 in Fighting
  4499 | D:5      | Reached skill level 5 in Maces & Flails
  4743 | D:6      | Noticed Eustachio
  4744 | D:6      | Noticed Maggie
  4778 | D:6      | Killed from afar by Maggie

Illustrated notes

Levels and vault maps discovered:
D:1:      shiori_shiawase, layout_loops_ring
D:2:      layout_basic, minmay_tall_x
D:3:      layout_basic, chequers_temple_overflow_statue_of_worship,
          nicolae_the_louvre
D:4:      layout_layer_cave
D:5:      layout_rooms
D:6:      layout_cave_pods, ebering_ghost_sewer_d, uniq_eustachio, uniq_maggie

Skill      XL: |  1  2  3  4  5  6  7 |
---------------+----------------------+-----
Fighting       | 1 2 3 4 5 |  5.7
Maces & Flails | 1 2 3 4 5 |  5.6
Armour         | |  2.4
Dodging        | |  0.6
Stealth        | |  1.1
Evocations     | |  3.0

Action                     |  1- 3 |  4- 6 |  7- 9 || total
---------------------------+-------+-------+-------++-------
  Melee: Club              |    17 |       |       ||    17
         Tailslap          |     8 |    27 |    17 ||    52
         Whip              |    99 |   180 |    80 ||   359
  Evoke: Wand              |     5 |     6 |     4 ||    15
    Use: Potion            |       |     1 |       ||     1
   Stab: Sleeping          |     3 |     1 |       ||     4
 Armour: Leather armour    |    84 |   130 |    43 ||   257
  Dodge: Dodged            |    35 |    70 |    28 ||   133

Table legend: (Time is in decaauts)
 A = Elapsed time spent in this place.
 B = Non-inter-level travel time spent in this place.
 C = Inter-level travel time spent in this place.
 D = Time resting spent in this place.
 E = Time spent auto-exploring this place.
 F = Levels seen in this place.
 G = Mean time per level.
                   A        B        C        D        E       F      G
               +--------+--------+--------+--------+--------+-----+--------+
         Total |   4761 |   4603 |    158 |    360 |   3318 |   6 |  793.5 |
       Dungeon |   4761 |   4603 |    158 |    360 |   3318 |   6 |  793.5 |
               +--------+--------+--------+--------+--------+-----+--------+

Top non-repeatable levels by time:
     D:4: 1549 daAuts
     D:2: 964 daAuts
     D:1: 784 daAuts
     D:3: 669 daAuts
     D:5: 599 daAuts
     D:6: 193 daAuts
